[Event "WA Winter Classic"]
[Site "Chess.com"]
[Date "2020.12.26"]
[Round "3"]
[White "Guha, Mitrabha"]
[Black "Lenderman, Aleksandr"]
[Result "0-1"]
[ECO "D27"]
[WhiteElo "2445"]
[BlackElo "2704"]
[Annotator "Aleksandr Lenderman"]
[PlyCount "136"]
[EventDate "2020.??.??"]
[TimeControl "2700+5"]

1. d4 {In round I was playing a
young strong IM from India, Guha Mitrabhaa. It turned out he was in a peaceful
mood since he offered me a draw on move 3. However, I wanted to play a
fighting game with some content so I wanted to play the position out even
though it was equal. I was happy to create some chances in an equal position,
though I think it helped me that he was playing the game during his night time
:)} d5 2. c4 dxc4 {The solid queens gambit accepted. I was also in a
relatively peaceful mood and wasn't going to go crazy this early in the
tournament.} 3. Nf3 Nf6 4. e3 e6 5. Bxc4 c5 6. O-O a6 {The main line of the
QGA.} (6... Nc6 {This is also one of the important lines. I decided not to
play it, since I was worried that he would prepare for it, since I played it
twice recently in important games.}) 7. dxc5 Bxc5 8. Qxd8+ Kxd8 9. Rd1+ Ke7 10.
Be2 {Here my theoretical knowledge sort of ended, so I was improvising.} Nbd7
11. Nbd2 Rd8 12. Nb3 Bd6 13. Nbd4 $6 {My opponent was playing quickly but
seemed to lack depth to his play. I decided to spend my time since I knew that
I can catch him on a deep idea if I do so. Nd4 was the right idea but he
should've kept the knight on a good b3 square since it pressures my queenside
there.} (13. Nfd4 {Would give white chances for an advantage. This move has an
idea of at some point playing Bf3 or f3 and e4. Also, if Nc5, now Na5 can be
annoying. I still have to figure out how to complete my development in the
best way.} Nc5 14. Na5 $1 $14) 13... Nc5 {Now I just get e5 in, and only I can
be slightly better now.} 14. Bd2 e5 15. Nb3 Nxb3 {Here I sort of lucked into
the right move since I didn't see why my alternative candidate move Na4 was
bad and rejected Na4 for a wrong reason actually.} (15... Na4 $2 {I was
actually calculating this. Thankfully I did not go for it. I didn't play it
since I didn't see anything special after Bc1. However, in fact, white is much
better after Na5!} 16. Na5 $1 {Indrectly defending b2 and also heading towards
c4.} (16. Bc1 {This however allows b6 with a clear advantage for black.}) 16...
Nxb2 17. Rdb1 Na4 18. Nxb7 $16) 16. axb3 Be6 17. Ba5 Rdc8 18. Nd2 b5 {I think
only I can be better here because of a better pawn structure and central
control.} 19. Bf3 Rab8 20. Rac1 (20. g4 $1 {Apparently after this strong move
it is equal, but it is not an easy move for a human to find.}) 20... Bf5 21.
Rxc8 Rxc8 22. Bb7 Rb8 {Also possible was} (22... Rc2 23. Bxa6 Bd7 24. Bc3 b4
25. Bd3 bxc3 26. Bxc2 cxd2 27. Rxd2 e4 {With an interesting unbalanced endgame.
}) 23. Bc6 Bd7 $6 {Not the most ambitious move. Apparently I had better
options.} (23... g6 24. h3 Bd3 {Here it is hard for him to find moves.}) 24.
Bxd7 Kxd7 25. Nf3 {Honestly speaking, I missed this move.} Ke7 {Now this is
the only move to keep the balance.} 26. Rc1 $6 {Natural but not best.} (26. Bc3
Nd7 27. b4 {Here white can create counterplay against the weak a6 pawn via Ra1.
I am not better here.}) 26... Ne4 27. g3 (27. Nd2 {I think this was better.})
27... Kd7 28. Rd1 Ke6 29. Rc1 (29. Nd2) 29... f6 $2 {This is a serious mistake
where I missed a big chance.} (29... b4 $1 {Stops his main defensive idea, Nd2,
and almost traps the bishop. Now it is very dificult for him to find moves.
For example,} 30. Rc6 Kd5 31. Rxa6 Rc8 {I don't win the bishop but my pieces
are super active, especially my knight on e4. Now I play Rc1 and Rc2 and crush
the kingside while his pieces are off-side.}) 30. Rc6 $2 (30. Nd2 {Again, this
was a must. He was probably afraid of Nc5. However,} Nc5 31. b4 Nd3 (31... Nb7
32. Ne4) 32. Rc6 {nets him enough counterplay}) 30... Ra8 {The problem for him
is that the rook on c6 is actually misplaced.} 31. Rb6 Ra7 $6 {Again, I missed
a chance to play for domination.} (31... Kd5 $1 32. Rb7 Rc8 33. Rxg7 b4 34.
Rxh7 Rc1+ 35. Kg2 Rc2 $19 {Amazing position. Currently I'm down 2 pawns but
I'm completely winning since white's whole position just totally collapses.})
32. Rc6 Kd7 33. Rc2 Ra8 34. Kf1 Nc5 35. Nd2 Nb7 36. Bb6 Rc8 {this transposes
into an endgame which I thought was winning or at least with good winning
chances.} 37. Rxc8 Kxc8 38. Ke2 Kd7 39. e4 Kc6 $1 {This is a precise move. I
was thinking of playing Bc5 right away. However, then I thought he can defend
with} (39... Bc5 40. Bxc5 Nxc5 41. Kd1 $1 Nd3 (41... Ke6 42. Kc2) 42. Ke2 $1 {
Black is still better but he's definitely holding here. I don't think I can
risk taking the b2 pawn.} Nxb2 43. Nb1 Kc6 44. Kd2 Kc5 45. Nc3 {Maybe I don't
lose the knight but during the game this looks risky.}) 40. Be3 Bc5 $1 41. Kd3
Bxe3 42. fxe3 (42. Kxe3 Kc5 {Here I should also be winning with Kb4 followed
by Nc5.}) 42... Nc5+ (42... Kc5 43. Kc3 b4+ 44. Kc2 Kc6 45. Kd3 Kb5 46. Kc2 Nc5
47. Kd1 Nd3 48. Kc2 Nf2 49. Kc1 Ng4 50. Nf1 a5 {Was apparently also winning in
the long run.}) 43. Kc3 a5 44. b4 (44. Kc2 Kb7 (44... b4 45. Nc4 Nxe4 46. Nxa5+
Kd5 {Was winning for me.}) 45. Kc3 Kb6 46. Kc2) 44... Na4+ 45. Kc2 axb4 46. Nb3
h5 47. Kc1 g6 48. Kc2 Kb6 (48... Nc5 $4 {For a long time I was calculating
this pawn endgame. Thankfully I didn't go for it. I was just not sure it was
winning and I thought I had other ways to play for a win. Indeed, it turns out
it's a draw.} 49. Nxc5 Kxc5 50. Kb3 f5 51. Kc2 $1 {He simply can give up the
e4 pawn! Amazing! It's just a fortress.} (51. exf5 gxf5 52. Kc2 {Is also a
draw.})) 49. Kc1 Kc7 50. Kc2 Kd6 51. Nd2 (51. Kc1 Nb6 {Here I finally saw the
winning plan to play Nb6-c4.}) 51... Nc5 52. b3 Ke6 53. Kd1 f5 54. exf5+ Kxf5
55. Ke2 Ne4 $1 {Here I calculated correctly that the pawn endgame is winning.}
(55... Kg4 56. Kf2 Kh3 57. Kg1 e4 58. Kh1 {Wasn't as clear for me whether it
was winning.}) 56. Nf3 (56. Nxe4 Kxe4 57. h4 (57. h3 g5 58. g4 h4 $19) 57... g5
$1 {The only winning move which I saw.} (57... Kf5 $4 {Would only be a draw.}
58. Kf3 e4+ 59. Kf2 g5 60. hxg5 Kxg5 61. Kf1 h4 62. Kg2 $1 $11) 58. hxg5 (58.
g4 gxh4 59. gxh5 Kf5 60. Kf3 Kg5 61. h6 Kxh6 62. Kg4 Kg6 63. e4 h3 64. Kxh3 Kh5
65. Kg3 Kg5 66. Kf3 Kh4 $19) 58... Kf5 59. Kf3 Kxg5 60. e4 (60. Kf2 Kg4 61. Kg2
(61. e4 h4) 61... e4) 60... h4 $19) 56... g5 {Now I just win because of
zugswang. He either allows Kg4-h3, or he has to lose the b3 pawn.} 57. Kf1 (57.
Ke1 Kg4 58. Nxe5+ Kh3 59. Nf3 g4 60. Nd2 Nxd2 61. Kxd2 Kxh2 62. e4 h4 {Would
win routinely.}) 57... g4 58. Ne1 Nd2+ 59. Ke2 Nxb3 60. Nd3 Ke4 61. Nxb4 Nc5 {
From here it's relatively simple with a passed pawn and a more active king.
Now I just have to be careful not to fall for tricks.} 62. Na2 Kd5 63. Nb4+ Kc4
64. Nc6 Kc3 {The simplest.} 65. Nxe5 b4 66. Kd1 b3 67. Kc1 b2+ 68. Kb1 Ne4 {
AlexanderL won by resignation. There were a few mistakes as expected for such
a rich game. However, overall, I was quite happy with the game, especially
with the technique. Very instructive endgame.} 0-1

[Event "WA Winter Classic"]
[Site "Chess.com"]
[Date "2020.12.26"]
[Round "4"]
[White "Lenderman, Aleksandr"]
[Black "Talukdar, Rohan"]
[Result "1-0"]
[ECO "A01"]
[WhiteElo "2704"]
[BlackElo "2402"]
[Annotator "Aleksandr Lenderman"]
[PlyCount "57"]
[EventDate "2020.??.??"]
[TimeControl "2700+5"]

{[%evp 0,57,19,-32,-4,-14,-31,-20,-20,-18,-20,-25,-7,-6,-1,-23,-15,-24,10,-23,
0,-7,-19,-20,-35,-21,-7,1,14,-12,5,5,-1,6,6,-9,26,-32,38,13,3,-2,37,28,261,277,
268,255,254,260,510,525,525,521,577,584,1021,1065,1119,1155] In round 4 I am
playing a talented young player, Rohan Talukdar. I've already had many battles
with him in the WCF events. I know that he is quite knowledgable in openings,
so I decided to play my new blitz weapon, 1)b3, which I also sometimes use in
longer games if I am not sure what to play or if I want to get my opponent out
of heavy theory.} 1. b3 e5 2. Bb2 Nc6 3. e3 Nf6 4. Nf3 {My opponent started
thinking here, so he probably wasn't expecting this as much. However, I
believe Nf3 to be no less venemous than the main move, Bb5.} (4. Bb5 {This is
more common.}) 4... e4 5. Nd4 Nxd4 6. Bxd4 Be7 7. c4 {So far, we are following
my prep, but now my opponent played a new move to me.} b6 (7... O-O 8. Nc3 c5
9. Be5 d6 10. Bg3 Bf5 {would be more traditional. Position is equal, but it's
unbalanced.}) 8. Be2 {I stopped for about 5 minutes here trying to figure out
the best plan, and most likely I did not manage. I should've probably tried to
be more aggressive trying to win the e4 pawn.} (8. Nc3 Bb7 9. Qc2 c5 (9... O-O
10. Rd1 {The engine likes this setup.} c5 11. Be5 d6 12. Bxf6 Bxf6 13. Nxe4)
10. Be5 d6 11. Bg3 O-O 12. Rd1 Qd7 {And here for some reason, don't ask me why,
the engine really prefers a3, over a developing move, claiming a slight
advantage :)} 13. a3) 8... Bb7 9. O-O O-O 10. f3 $6 {I was really unsure about
this, and the engine definitely disapproves of this plan.} c5 11. Bb2 d5 $1 12.
cxd5 Qxd5 $5 {A very ambitious move, which I didn't expect. However, I don't
think this was necessary. Black is at the very least fine with the natural} (
12... exf3 13. Bxf3 Bxd5 {Here I wasn't actually sure what to do since} 14. Nc3
Bxf3 15. Qxf3 (15. Rxf3 Qd3) 15... Qxd2 {hangs the pawn on d2 while after Rxf3
he plays Qd3, and is probably better since I have no threats and he pressures
my weak d2 pawn.}) 13. Nc3 Qd7 14. Bb5 $5 {nothing special, but at least this
gives him something to think about.} Qd6 15. fxe4 Nxe4 (15... Rad8 $5 {Also
deserves attention.} 16. Qf3 a6 17. Be2 Qxd2 18. Rab1 c4 19. Rfd1 Qc2 20. Rdc1
Qd2 {with a funny repetition.}) (15... a6 {The inclusion of a6 here was
interesting.} 16. Be2 (16. Bc4 b5) 16... Nxe4) 16. Nxe4 Bxe4 17. Rf4 $6 {
The engine doesn't love this either. However, I thought this is the only way
to try to create chances.} (17. Qg4 Qg6 $11) (17. d3 Bg6 $11) 17... Bg6 $6 {
Now, at least I have some initiative and it might be easier for me to play.} (
17... f5 $1 {Looks risky since it makes my bishop open, but this is a mirage.
In fact, he wants to quickly play Rad8, then Bf6, and his pieces are just
better than mine, as well as his pawn structure.}) (17... Bd3 {Would also be
solid.} 18. Qg4 g6 (18... f6)) 18. h4 h6 19. Bc4 Rad8 (19... Kh8 {This was
more accurate.}) 20. Bc3 Bd3 $6 {Now, black is really drifting. Black could've
played this move several moves ago, when it would make more sense, without
losing a tempo.} 21. Qg4 Qg6 $4 {Now came a big blunder. I thought I was
already better after Qg4, but I couldn't quite see how I win after g6. In fact,
I am only slightly better after g6, which was at this point the absolutely
only move.} (21... g6) 22. Qxg6 Bxg6 23. Rg4 $1 {Now it is totally over. Black
cannot spot my two threats, Rxg6 and h5. However, black's position was bad
even after Raf1. Therefore black's play last few moves was definitely strange,
and can probably be due to tiredness after 3 tough games.} Kh8 24. h5 Bxh5 25.
Rxg7 {The cleanest of course.} (25. Bxg7+ Kh7 26. Bxf8 Bxf8 {Would still keep
the game going.}) 25... Rd4 26. Rg3 Bd6 27. Rh3 Bg4 28. Rxh6+ Kg7 29. Rxd6 {
AlexanderL won by resignation. A nice way to end a good day for me. However,
what's interesting is that chess.com gave me 99.3% accuracy for this game. In
fact, in this game, I've made at least a few serious inaccuracies, and black
could've been better several times in this game. So it was far from a flawless
game for me, and it just goes to show that this chess.com evaluation bar
shouldn't always be trusted.} 1-0

[Event "WA Winter Classic"]
[Site "Chess.com"]
[Date "2020.12.27"]
[Round "5"]
[White "Guha, Eshan"]
[Black "Lenderman, Aleksandr"]
[Result "1/2-1/2"]
[ECO "A04"]
[WhiteElo "2129"]
[BlackElo "2704"]
[Annotator "Aleksandr Lenderman"]
[PlyCount "100"]
[EventDate "2020.??.??"]
[TimeControl "2700+5"]

1. Nf3 {After having an excellent day 1 when everything
that can go well went well for me, I went into today very confident and felt
like today would be cruise control. Boy, was I wrong. Today's humbling day
just went to show how one should never let his guard down and how chess is a
very humbling and can be a very frustrating game. I thought this will be my
first time to win clear first in a WCF classical event, but once again, the
win escaped me :) It all started with the game against my student, Eshan Guha,
who after a tough first round loss to a lower rated, came back very strong,
winning his next 3 games and was gaining confidence. Again me, he chose to
play a new opening, and very quickly we reached uncharted territory in the
opening. That set for a very interesting battle, where my student never failed
to impress! :) I felt like I was just totally outplayed this game.} d6 {
I was hoping this would surprise him and it did.} 2. b3 $5 e5 3. d3 {Now this
is very unusual. I have never seen this setup with b3 and d3 before. I think
he was improvising here.} f5 4. e4 Nf6 5. Nbd2 Nc6 6. Bb2 Be7 7. g3 O-O 8. Bg2
Qe8 {Typical idea in Grandprix attack style. I thought I was already much
better here, but I probably overestimated my position.} 9. O-O {Here was
probably the first critical moment. The moves I considered here were fxe4, f4,
and Qh5. I probably didn't choose the right plan here.} fxe4 $6 (9... f4 {
I was thinking of playing f4 but I wasn't sure what to do against d4. However,
I am probably better here with} 10. d4 exd4 11. Nxd4 Nxd4 12. Bxd4 Ng4 $15) (
9... Qh5 {Immediately was another idea, but I didn't like him playing Nh4 here.
} 10. Nh4) 10. dxe4 Qh5 {Here I thought I was comfortably better, but now he
started playing phenominal chess.} 11. Ne1 $1 {I only expected} (11. Nh4 Ng4 {
Here I would be better.} 12. h3 Bxh4 13. hxg4 Bxg4 14. f3 Bxg3 {Is the point.})
11... Qh6 (11... Bg4 12. f3 Be6 13. Nd3 {Felt like solid for him.}) 12. Nc4 Be6
13. Ne3 Rae8 14. Bc1 Qg6 15. f3 Bd8 16. c3 Bc8 17. Nd3 h5 18. Kh1 Qh7 $6 {
This was probably a mistake, since I allowed h4, a move I underestimated. Then,
he gets control of the g5 square and I am not in time in getting in g5.} (18...
h4 19. g4 {Here I wanted the queen on h7 to play h3. I couldn't find how to
continue here however.} Nh7 20. Nf5 h3 $5 21. Bxh3 Ng5 {I guess it deserved
attention to sac the pawn to get control of the dark squares.}) 19. h4 Kh8 20.
Nf2 $1 {The knight is heading to g5.} Ng8 21. Nh3 Qg6 22. Kh2 Nh6 23. Nd5 Ne7
24. Nxe7 Bxe7 25. Be3 a6 26. Qd2 Nf7 27. Rh1 Rg8 28. Raf1 Ref8 29. Ng5 {
White is all of a sudden much better here. My bishop on e7 isn't great.} Nh6
30. Bh3 Bxh3 31. Kxh3 Rf6 32. Kg2 Rgf8 {Here my opponent started to play
solidly for a draw. However, he can definitely try to make progress on the
queenside with a plan like c4 and b4.} 33. Rf2 (33. c4 $16) 33... Bd8 34. Kf1
c6 35. Kg2 Be7 36. Rff1 $6 (36. c4) 36... Bd8 $6 {Missing my best chance in
the game.} (36... d5 37. exd5 Rd8 38. Ne4 Nf5 $1 39. Qe1 Rxd5 $5 40. Nxf6 Rd3
$44) (36... Rd8 37. Rf2 d5 38. Qc2 Kg8 {Is still fine for white but would
definitely improve my position compared to before.}) 37. Rf2 Kg8 38. Rff1 Nf7
39. Rf2 Nxg5 (39... d5) 40. Bxg5 R6f7 41. Rd1 Rd7 42. c4 Bb6 43. Be3 Bxe3 44.
Qxe3 Rf6 45. Rfd2 Rdf7 $2 46. Rf2 $6 (46. Qg5 $1 Qxg5 47. hxg5 Rxf3 48. g6 R7f6
49. Rxd6 {gave white good winning chances unexpectedly.}) 46... Rf8 47. Rd3 Kh7
48. Rd1 Qf7 49. Rd3 Qg6 50. Rd1 Qf7 {Game drawn by agreement. At this point I
didn't see how I can try to make progress here without overpressing and given
the tournament standings I didn't want to go crazy. Little did I know, that
some bad news awaited me later in the event :(} 1/2-1/2

[Event "WA Winter Classic"]
[Site "Chess.com"]
[Date "2020.12.27"]
[Round "6"]
[White "Lenderman, Aleksandr"]
[Black "Chang, Eddie"]
[Result "1-0"]
[ECO "D20"]
[WhiteElo "2704"]
[BlackElo "1887"]
[Annotator "Aleksandr Lenderman"]
[PlyCount "63"]
[EventDate "2020.??.??"]
[TimeControl "2700+5"]

1. d4 {In this game I am playing against a talented and creative
young player, Eddie Chang, who is coming off a big win in a PNWCC U2200 event.
I have seen him do well against higher rateds before, so I knew he would be
dangerous. Thankfully I played well against him.} d5 2. c4 dxc4 3. e4 e5 4. Nf3
exd4 5. Bxc4 Nc6 6. O-O Be6 {My opponent surprised me with a sharp line in the
queens gambit accepted.} 7. Bxe6 (7. Bb5 {Is also a main line.}) 7... fxe6 8.
Qb3 Qd7 9. Qxb7 Rb8 10. Qa6 Bd6 11. Nbd2 e5 12. a3 Nf6 {I didn't know this
line well, so I probably played inaccurately here.} 13. Qd3 (13. b4 O-O 14. Ne1
{It is better for the knight to be on d3 rather than the queen (rule 101) :)})
13... O-O 14. b4 Nd8 (14... Ne7 15. Nc4 Ng6 {I thought this was more natural.})
15. Nc4 Qe6 $6 {This was inaccurate however. Too creative, simple Nf7 was
better.} (15... Nf7) 16. Ng5 Qe7 17. Bd2 $6 (17. f4 {I calculated this, but
today was just not my day, I wasn't seeing things great today unlike yesterday.
} exf4 18. e5 Bxe5 19. Re1 Nc6 {I sort of stopped here, but of course BXf4
just wins here.} 20. Bxf4 $18) 17... Ne6 18. Rac1 Nh5 19. Nxe6 $6 (19. Nxd6
cxd6 20. Qb3 {Was better.}) 19... Qxe6 20. Nxd6 Qxd6 $2 {This was a mistake.
cxd6 was more natural.} (20... cxd6 21. Qc4 {My idea was to go for this
endgame, but it's probably close to a draw after} Nf4 22. Bxf4 Qxc4 23. Rxc4
Rxf4 24. f3 g5) 21. Rc5 Rf7 22. Rfc1 Qf6 23. f3 Nf4 24. Bxf4 Qxf4 25. Rxc7 Rd8
26. R1c5 $2 {Inaccurate.} (26. Qb3 Rdf8 27. R1c5 $18 {Was total domination.})
26... Qe3+ $2 {This just transposes into a lost endgame.} (26... Rxc7 27. Rxc7
h5 {Amazingly enough, here it is very hard for white to actually make progress.
For example,} 28. g3 Qg5 29. Rxa7 Rc8 $132) 27. Qxe3 dxe3 {Of course not} 28.
Kf1 (28. Rxf7 $4 Rd1#) 28... Rxc7 29. Rxc7 a5 30. bxa5 Rd3 31. a6 Rxa3 32. a7 {
AlexanderL won by resignation. Black resigned because of Rc8+ coming. I was
happy to win here and still maintain a full point lead over my 2 nearest
competitors. But then came the nightmare round 7 :(} 1-0